 Dungeon Crawl Stone Soup version 0.26-a0-576-gcfaa98f (webtiles) character file.

Game seed: 7764839830689604018

29 Hazorath the Sneak (level 3, 0/22 HPs)
             Began as a Kobold Brigand on Aug 22, 2020.
             Succumbed to a worker ant's poison
             ... on level 4 of the Dungeon.
             The game lasted 00:02:20 (637 turns).

Hazorath the Sneak (Kobold Brigand)                  Turns: 637, Time: 00:02:21

Health: 0/22       AC:  3    Str:  8    XL:     3   Next: 32%
Magic:  3/3        EV: 15    Int: 12    God:
Gold:   44         SH:  0    Dex: 17    Spells: 2/2 levels left

rFire    . . .     SeeInvis .   j - +2 short sword (flame)
rCold    . . .     Faith    .   (shield restricted)
rNeg     . . .     Spirit   .   b - +0 robe
rPois    .         Reflect  .   (no helmet)
rElec    .         Harm     .   c - +0 cloak
rCorr    .                      (no gloves)
MR       .....                  (no boots)
Stlth    ++++......             (no amulet)
HPRegen  0.07/turn              (no ring)
MPRegen  0.08/turn              (no ring)

@: mighty, lethally poisoned (0 -> -9), stab
A: small, nightstalker 3
a: no special abilities


You were on level 4 of the Dungeon.
You visited 1 branch of the dungeon, and saw 4 of its levels.

You collected 44 gold pieces.

Inventory:

Hand Weapons
 j - a +2 short sword of flaming (weapon)
Missiles
 d - 8 poisoned darts (quivered)
 e - 2 curare-tipped darts
Armour
 b - a +0 robe (worn)
 c - a +0 cloak (worn)
Scrolls
 i - a scroll of remove curse


   Skills:
 * Level 2.7 Fighting
 * Level 3.3 Short Blades
 * Level 2.8 Throwing
 + Level 1.8 Dodging
 - Level 5.3 Stealth


You had 2 spell levels left.
You didn't know any spells.
Your spell library was empty.

Dungeon Overview and Level Annotations

Branches:
Dungeon (4/15)
 Temple: D:4-7

Altars:
Okawaru


Innate Abilities, Weirdness & Mutations

You are small and have problems with some larger weapons.
You are completely attuned to the shadows.


Message History

You see here a +0 leather armour.
A worker ant comes into view.
Found 7 gold pieces.
The worker ant twitches its antennae in your direction.
The worker ant completely misses you. The worker ant barely misses you.
You barely miss the worker ant. The worker ant bites you.
You closely miss the worker ant. The worker ant bites you.
You hit the worker ant but do no damage.
The worker ant misses you.
You closely miss the worker ant. The worker ant bites you!
* * * LOW HITPOINT WARNING * * *
You are lethally poisoned!
The worker ant poisons you!
It was a potion of stabbing.
You feel ready to backstab.
* * * LOW HITPOINT WARNING * * *
You feel sick. The worker ant misses you.
It was a potion of might.
You feel very mighty all of a sudden.
You die...

.##### ....# $..# #a.#
#@.# #..######
#...[...# .....####.#
###....##.#
#.##.#..####
#..>.......# #...#.#.#
###############...._..#


You could see a worker ant.

Vanquished Creatures
  An adder (D:3)
  A dart slug (D:1)
  2 orcs
  A bat (D:3)
  2 giant cockroaches
  A goblin (D:3)
  2 hobgoblins
  2 jackals (D:3)
  A kobold (D:3)
  A rat (D:1)
14 creatures vanquished.

Notes
Turn   | Place    | Note
-------+----------+-------------------------------------------
     0 | D:1      | Hazorath the Kobold Brigand began the quest for the Orb.
     0 | D:1      | Reached XP level 1. HP: 12/12 MP: 1/1
   103 | D:1      | Reached XP level 2. HP: 16/18 MP: 2/2
   501 | D:3      | Reached XP level 3. HP: 6/22 MP: 3/3
   608 | D:4      | Found an iron altar of Okawaru.
   636 | D:4      | HP: 1/22 [poisoned by a worker ant]
   637 | D:4      | Succumbed to a worker ant's poison

Illustrated notes

Levels and vault maps discovered:
D:1:      wheals_arrival_linesprint, layout_basic
D:2:      layout_basic, minmay_crystal_water, uniq_crazy_yiuf_cottage,
          uniq_terence, uniq_jessica
D:3:      layout_basic, led_sif_book, gammafunk_ghost_nasty_kobolds
D:4:      layout_loops_cross, okawaru_metal_pillars_1_2, uniq_blork_the_orc

Skill      XL: |  1  2 |
---------------+-------+-----
Short Blades   | 3 |  3.3
Fighting       | |  2.7
Throwing       | |  2.8
Dodging        | |  1.8
Stealth        | |  5.3

Action                   || total
-------------------------++-------
Melee: Dagger            ||    17
       Short sword       ||    27
Throw: Dart              ||    10
  Use: Scroll            ||     2
       Potion            ||     2
 Stab: Sleeping          ||     6
Armor: Robe              ||     1
Dodge: Dodged            ||    35

Table legend: (Time is in decaauts)
 A = Elapsed time spent in this place.
 B = Non-inter-level travel time spent in this place.
 C = Inter-level travel time spent in this place.
 D = Time resting spent in this place.
 E = Time spent auto-exploring this place.
 F = Levels seen in this place.
 G = Mean time per level.
                   A        B        C        D        E       F      G
               +--------+--------+--------+--------+--------+-----+--------+
         Total |    632 |    632 |      0 |    271 |    123 |   4 |  158.0 |
       Dungeon |    632 |    632 |      0 |    271 |    123 |   4 |  158.0 |
               +--------+--------+--------+--------+--------+-----+--------+

Top non-repeatable levels by time:
     D:2: 350 daAuts
     D:3: 126 daAuts
     D:1: 105 daAuts
     D:4: 51 daAuts
